Unix NetHack Version 3.7.0-66 Work-in-progress - last build Dec 26 2022 16:50:54 (55254d10815e23f0e7c0ebc937178fe17f3ffff8,branch:master). Game began 2023-01-14 22:43:23, ended 2023-01-14 22:53:04. wbn, chaotic female elven Priestess ----------- |.........| ------------- |........_| ####............| --------- |.........| |...........| |.......| #..........| |...........| #-....<...########----------- #............| #|.......| ## #|.......^@..| )----|---- ## #-.--- ------- # ## # ### ## ## # # # # # ### # # ##### ## # # # ----.--------- # --.--------# -----# |............| # |..........# |(.{|# |............|## |.........| .....# |.............# |.........| |.b.| -------------- |.........| ----- ----------- Wbn the Acolyte St:13 Dx:14 Co:12 In:8 Wi:20 Ch:10 Chaotic S:440 Dlvl:4 $:46 HP:0(26) Pw:35(35) AC:7 Xp:3/61 T:1099 Blind Deaf Latest messages: Your movements are now unencumbered. Where do you want to travel to? (For instructions type a '?') You stop searching. You hit the iguana. The iguana bites! You kill the iguana! You miss the brown mold. You are suddenly very cold! You miss the brown mold. You are suddenly very cold! You miss the shrieker. You miss the shrieker. You hit the shrieker! You miss the shrieker. You hit the shrieker! You miss the shrieker. You miss the shrieker. You miss the shrieker. You kill the shrieker! You are momentarily blinded by a flash of light! You hear a deafening roar! It bites! It bites! Double fight prefix, canceled. What do you want to eat? [efkm or ?*] Never mind. What do you want to write with? [- an or ?*] You write in the dust with a white gem. It bites! It bites! # Are you sure you want to pray? [yn] (n) You begin praying to Anhur. You feel something move nearby. You feel something move nearby. You feel something move nearby. You feel something move nearby. You feel something move nearby. You feel something move nearby. You feel something move nearby. You finish your prayer. You feel that Anhur is well-pleased. It hits! You die... Do you want your possessions identified? [ynq] (y) Do you want to see your attributes? [ynq] (y) Do you want an account of creatures vanquished? [ynaq] (y) Do you want to see your conduct and achievements? [ynq] (y) Do you want to see the dungeon overview? [ynq] (y) Inventory: Coins $ - 46 gold pieces Weapons a - a blessed +1 mace (weapon in hand) Armor c - a +0 small shield (being worn) b - a +0 robe (being worn) Comestibles e - a clove of garlic k - 3 food rations f - a sprig of wolfsbane m - a tripe ration Scrolls p - a scroll of gold detection l - a scroll of punishment Spellbooks g - a spellbook of detect monsters h - a spellbook of detect unseen Potions j - a potion of invisibility d - 4 potions of holy water Tools i - a wooden flute o - a tin whistle Gems/Stones n - a worthless piece of white glass Wbn the Priestess's attributes: Background: You were an Acolyte, a level 3 elven Priestess. You were chaotic, on a mission for Anhur who was opposed by Ptah (lawful) and Thoth (neutral). You were in the Dungeons of Doom, on level 4. You entered the dungeon 1099 turns ago. It was nighttime. You had 61 experience points, 19 more were needed to attain level 4. Your score was 440 before end-of-game adjustments. Basics: You had 0 out of 26 hit points. You had all 35 energy points (spell power). Your armor class was 7. Your wallet contained 46 zorkmids. Autopickup was off. FinalCharacteristics: Your strength was 13 (limit:18). Your dexterity was 14 (limit:18). Your constitution was 12 (limit:16). Your intelligence was 8 (limit:20). Your wisdom was 20 (limit:20). Your charisma was 10 (limit:18). Final Status: You were temporarily blind. You were deaf. You were not hungry. You were unencumbered. You were wielding a mace. You had basic skill with mace. Final Attributes: You were devoutly aligned. You had infravision. You were guarded. You are dead. Miscellaneous: You never encountered a bones level. Total elapsed playing time was 9 minutes and 39 seconds. Major events: Turn 1: wbn the chaotic elven Priestess entered the dungeon 800: attained the rank of Acolyte (level 3) 1099: killed by a hobbit Vanquished creatures: a shrieker 2 iguanas a hobbit 2 garter snakes 5 jackals a fox 2 grid bugs 4 lichens 2 kobold zombies 3 newts 23 creatures vanquished. No species were genocided or became extinct. Voluntary challenges: You followed a strict vegan diet. You read items or engraved 1 time. You never engraved Elbereth. You never genocided any monsters. You never polymorphed an object. You never changed form. You used no wishes. Achievement: You attained the rank of Acolyte. The Dungeons of Doom: levels 1 to 4 Level 1: Some graves. Level 2: Level 3: Level 4: <- You were here. An altar to Anhur, a fountain. Final resting place for you, killed by a hobbit. Game over: ---------- / \ / REST \ / IN \ / PEACE \ / \ | wbn | | 46 Au | | killed by a | | hobbit | | | | | | 2023 | *| * * * | * _________)/\\_//(\/(/\)/\//\/|_)_______ Goodbye wbn the Priestess... You died in The Dungeons of Doom on dungeon level 4 with 436 points, and 46 pieces of gold, after 1099 moves. You were level 3 with a maximum of 26 hit points when you died.